 Dungeon Crawl Stone Soup version 0.32-a0-43-g058985b245 (webtiles) character file.

Game seed: 9994440912868211285

81 jlumianski the Ruffian (level 4, -1/51 HPs)
             Began as a Gnoll Shapeshifter on Feb 4, 2024.
             Slain by a scorpion (6 damage)
             ... on level 3 of the Dungeon.
             The game lasted 00:05:13 (1259 turns).

jlumianski the Ruffian (Gnoll Shapeshifter)         Turns: 1259, Time: 00:05:13

Health: -1/51      AC: 22    Str: 15    XL:     4   Next: 42%
Magic:  5/5        EV:  2    Int: 10    God:
Gold:   130        SH:  0    Dex: 11    Spells: 5/5 levels left

rFire   . .          .
                       - Unarmed
rCold   . . .        (no shield)
rNeg    . . .        a - melded +0 animal skin
rPois   +            (helmet currently unavailable)
rElec   .            (cloak currently unavailable)
rCorr   .            (gloves currently unavailable)
SInv    .            (boots currently unavailable)
Will    .....        (no amulet)
Stlth   ++           (no ring)
HPRegen 0.28/turn    (no ring)
MPRegen 0.09/turn

%: no passive effects
@: lethally poisoned (-1 -> -3), tree-form
A: stationary, stasis, torment immunity, boosted hp, (fangs 1), strong nose,
distributed training
a: no special abilities


You were on level 3 of the Dungeon.
You were a tree.
You visited 1 branch of the dungeon, and saw 3 of its levels.

You collected 190 gold pieces.
You spent 60 gold pieces at shops.

Inventory:

Armour
 a - a +0 animal skin (melded)
Magical Staves
 g - a staff of earth
 h - a staff of air
Talismans
 c - a beast talisman
 d - a flux talisman
Scrolls
 e - a scroll of fear
 f - 4 scrolls of identify
 i - a scroll of teleportation
Potions
 b - 2 potions of lignification
 j - a potion of enlightenment


   Skills:
 + Level 2.8 Fighting
 + Level 1.2 Short Blades
 + Level 1.2 Long Blades
 + Level 1.2 Axes
 + Level 1.2 Maces & Flails
 + Level 1.2 Polearms
 + Level 1.2 Staves
 + Level 1.2 Ranged Weapons
 + Level 1.2 Throwing
 + Level 1.2 Armour
 + Level 4.6 Dodging
 + Level 1.2 Stealth
 + Level 1.2 Shields
 + Level 6.6 Unarmed Combat
 + Level 1.2 Spellcasting
 + Level 1.0 Conjurations
 + Level 1.0 Hexes
 + Level 1.0 Summonings
 + Level 1.0 Necromancy
 + Level 1.0 Translocations
 + Level 1.0 Fire Magic
 + Level 1.0 Ice Magic
 + Level 1.0 Air Magic
 + Level 1.0 Earth Magic
 + Level 1.0 Alchemy
 + Level 1.3 Invocations
 + Level 1.2 Evocations
 + Level 6.5 Shapeshifting


You had 5 spell levels left.
You didn't know any spells.
Your spell library contained the following spells:

 Spells                   Type           Power      Damage    Failure   Level
 Dazzling Flash           Conj/Hex       4%         N/A       56%         3
 Volatile Blastmotes      Fire/Tloc      4%         2d10      56%         3
 Starburst                Conj/Fire      1%         6d3       100%        6
 Maxwell's Capacitive Co  Air            1%         ∞         100%        8


Dungeon Overview and Level Annotations

Branches:
Dungeon (3/15)

Altars:
Qazlal

Shops:
D:1 *


Innate Abilities, Weirdness & Mutations

You are a tree.
Your roots penetrate the ground, keeping you stationary.
You cannot be teleported.
You are immune to unholy pain and torment.
Your maximum health is greatly increased.
Your equipment is partially melded.
((You have very sharp teeth.))
Your uncanny sense of smell can sniff out nearby items.
Your experience applies equally to all skills.


Message History

You now have 118 gold pieces (gained 17).
You now have 130 gold pieces (gained 12).
Found a war axe.
Things that are here:
a +0 short sword of electrocution; an orc skeleton
Found a robe.
Found a scale mail.
A goblin comes into view. It is wielding a +0 dagger.
Found a stone staircase leading down.
The goblin shouts!
A scorpion comes into view.
You see here a potion of lignification.
b - 3 potions of lignification (gained 1)
The goblin barely misses you.
You hit the goblin.
You kill the goblin!
You hit the scorpion but do no damage. The scorpion stings you.
You are poisoned.
The scorpion poisons you!
You closely miss the scorpion.
You feel very sick. The scorpion misses you.
You hit the scorpion but do no damage.
You feel sick. The scorpion barely misses you.
You barely miss the scorpion.
You feel sick. The scorpion stings you!
You completely miss the scorpion. Your bite misses the scorpion.
You feel sick. The scorpion stings you.
You closely miss the scorpion.
You feel sick. The scorpion stings you.
* * * LOW HITPOINT WARNING * * *
Your transformation has ended.
You turn into a tree.
Your +0 animal skin melds into your body.
Your roots penetrate the ground.
You feel sick.
The scorpion stings you but does no damage.
You closely miss the scorpion.
You feel sick. The scorpion stings you.
* * * LOW HITPOINT WARNING * * *
You pummel the scorpion!!
The scorpion is almost dead.
You feel sick. The scorpion stings you.
You die...

######
#.....?.....
.....#
#...........
.....#
#...........
.....#
##[.........
.....#
##.....##..
.#####
###..##### #
## #...## #
#s### #
###♣# #
#...# #
#.### ##
###.# .##
###...# ..##
#...### ...#
#####.###
.#<###.....#
.#.##..#####


You could see a scorpion.

Vanquished Creatures
  A sleepcap (D:3)
  2 adders (D:2)
  2 dart slugs (D:1)
  An orc (D:3)
  3 ball pythons (D:1)
  2 endoplasms
  3 giant cockroaches
  3 goblins
  3 hobgoblins
  2 quokkas
  3 bats
  2 frilled lizards
  2 kobolds
  4 rats
33 creatures vanquished.

Notes
Turn   | Place    | Note
-------+----------+-------------------------------------------
     0 | D:1      | jlumianski the Gnoll Shapeshifter began the quest for the
                  | Orb.
     0 | D:1      | Reached XP level 1. HP: 17/17 MP: 1/1
   135 | D:1      | Found a faded altar of an unknown god.
   162 | D:1      | Reached XP level 2. HP: 23/23 MP: 2/2
   648 | D:1      | Found Rant's General Store.
   655 | D:1      | Bought a scroll of identify for 24 gold pieces
   655 | D:1      | Bought a scroll of teleportation for 36 gold pieces
   829 | D:2      | Reached XP level 3. HP: 25/28 MP: 2/4
   831 | D:2      | Reached skill level 1 in Invocations
   891 | D:3      | Found a stormy altar of Qazlal.
   907 | D:3      | Reached skill level 1 in Short Blades
   907 | D:3      | Reached skill level 1 in Long Blades
   907 | D:3      | Reached skill level 1 in Axes
   907 | D:3      | Reached skill level 1 in Maces & Flails
   907 | D:3      | Reached skill level 1 in Polearms
   907 | D:3      | Reached skill level 1 in Staves
   907 | D:3      | Reached skill level 1 in Ranged Weapons
   907 | D:3      | Reached skill level 1 in Throwing
   907 | D:3      | Reached skill level 1 in Armour
   907 | D:3      | Reached skill level 1 in Stealth
   907 | D:3      | Reached skill level 1 in Shields
   907 | D:3      | Reached skill level 1 in Spellcasting
   907 | D:3      | Reached skill level 1 in Evocations
   914 | D:3      | Reached XP level 4. HP: 21/34 MP: 5/5
  1102 | D:3      | Reached skill level 1 in Conjurations
  1102 | D:3      | Reached skill level 1 in Hexes
  1102 | D:3      | Reached skill level 1 in Summonings
  1102 | D:3      | Reached skill level 1 in Necromancy
  1102 | D:3      | Reached skill level 1 in Translocations
  1102 | D:3      | Reached skill level 1 in Fire Magic
  1102 | D:3      | Reached skill level 1 in Ice Magic
  1102 | D:3      | Reached skill level 1 in Air Magic
  1102 | D:3      | Reached skill level 1 in Earth Magic
  1102 | D:3      | Reached skill level 1 in Alchemy
  1236 | D:3      | Noticed a scorpion
  1259 | D:3      | Slain by a scorpion

Illustrated notes

Levels and vault maps discovered:
D:1:      spicycebolla_arrival_risky_transporter, layout_loops_ring,
          ebering_ecumenical_altar_webs, serial_shops,
          nicolae_shop_just_a_little_nook
D:2:      layout_loops_corners, minmay_increasing_density, uniq_jessica,
          uniq_robin
D:3:      layout_rooms, amcnicky_altar_gilded

Skill      XL: |  1  2  3  4 |
---------------+-------------+-----
Invocations    | 1 |  1.3
Short Blades   | 1 |  1.2
Long Blades    | 1 |  1.2
Axes           | 1 |  1.2
Maces & Flails | 1 |  1.2
Polearms       | 1 |  1.2
Staves         | 1 |  1.2
Ranged Weapons | 1 |  1.2
Throwing       | 1 |  1.2
Armour         | 1 |  1.2
Stealth        | 1 |  1.2
Shields        | 1 |  1.2
Spellcasting   | 1 |  1.2
Evocations     | 1 |  1.2
Conjurations   | 1 |  1.0
Hexes          | 1 |  1.0
Summonings     | 1 |  1.0
Necromancy     | 1 |  1.0
Translocations | 1 |  1.0
Fire Magic     | 1 |  1.0
Ice Magic      | 1 |  1.0
Air Magic      | 1 |  1.0
Earth Magic    | 1 |  1.0
Alchemy        | 1 |  1.0
Fighting       | |  2.8
Dodging        | |  4.6
Unarmed Combat | |  6.6
Shapeshifting  | |  6.5

Action                     |  1- 3 |  4- 6 || total
---------------------------+-------+-------++-------
  Melee: Unarmed           |    41 |    25 ||    66
         Bite              |     4 |     2 ||     6
         Punch             |       |     1 ||     1
    Use: Scroll            |     1 |     1 ||     2
         Potion            |       |     1 ||     1
   Stab: Sleeping          |     5 |       ||     5
 Armour: Animal skin       |    15 |     8 ||    23
         Skin              |       |     3 ||     3
  Dodge: Dodged            |    21 |    15 ||    36

Table legend: (Time is in decaauts)
 A = Elapsed time spent in this place.
 B = Non-inter-level travel time spent in this place.
 C = Inter-level travel time spent in this place.
 D = Time resting spent in this place.
 E = Time spent auto-exploring this place.
 F = Levels seen in this place.
 G = Mean time per level.
                   A        B        C        D        E       F      G
               +--------+--------+--------+--------+--------+-----+--------+
         Total |   1252 |   1231 |     21 |     43 |    715 |   3 |  417.3 |
       Dungeon |   1252 |   1231 |     21 |     43 |    715 |   3 |  417.3 |
               +--------+--------+--------+--------+--------+-----+--------+

Top non-repeatable levels by time:
     D:1: 677 daAuts
     D:3: 303 daAuts
     D:2: 271 daAuts
